 Dungeon Crawl Stone Soup version 0.23.1-37-gaa34b87 (webtiles) character file.

Game seed: 9601610620766203045

15984 Borgoz the Slicer (level 12, 0/102 (103) HPs)
             Began as a Ghoul Monk on Mar 22, 2019.
             Was an Elder of Ashenzari.
             Killed from afar by an ogre mage (26 damage)
             ... with a bolt of lightning
             ... on level 2 of the Orcish Mines.
             The game lasted 00:37:05 (13377 turns).

Borgoz the Slicer (Ghoul Monk)                     Turns: 13377, Time: 00:37:06

HP:   0/102 (103)   AC: 17    Str: 21    XL:     12   Next: 32%
MP:   0/15          EV: 12    Int:  8    God:    Ashenzari [****..]
Gold: 770           SH:  0    Dex: 12    Spells: 11/17 levels left

rFire    . . .     SeeInvis +   a - +2 dagger (venom)
rCold    + . .     Gourm    .   (no shield)
rNeg     + + +     Faith    .   k - +0 chain mail
rPois    ∞         Spirit   +   h - +0 helmet
rElec    .         Reflect  .   G - +0 cloak
rCorr    .         Harm     .   F - +2 pair of gloves (curse)
MR       .....     Clarity  +   (no boots)
Stlth    ..........             f - amulet of guardian spirit (curse)
HPRegen  0.00/turn              o - +5 ring of strength (curse)
MPRegen  0.14/turn              I - ring of attention (curse)

@: rotting, hasted, very quick
A: rotting body, claws 1, carnivore, cold resistance 1, negative energy
resistance 3, inhibited regeneration, torment resistance, unbreathing
a: Curse Item, Scrying, Renounce Religion


You were on level 2 of the Orcish Mines.
You worshipped Ashenzari.
Ashenzari was greatly pleased with you.
You were not hungry.

You visited 3 branches of the dungeon, and saw 14 of its levels.
You also visited: Sewer and Ossuary.

You collected 1023 gold pieces.
You spent 253 gold pieces at shops.

Inventory:

Hand Weapons
 a - a +2 dagger of venom (weapon)
 b - a +0 blowgun
 w - a +2 dagger of speed
 C - a +4 quarterstaff of chaos
 E - a +0 short sword of protection
 L - a +1 dagger of electrocution
 M - the +11 long sword of Utath {drain, Stlth+}
   (You found it on level 9 of the Dungeon)

   A truly terrible weapon, it drains the life of those it strikes.
   It makes you more stealthy.
 R - a +0 dagger of flaming
 S - a +2 dagger of freezing
 T - a +2 dagger of draining
Missiles
 x - 35 poisoned needles
 K - a javelin (quivered)
 P - 5 tomahawks
Armour
 h - a +0 helmet (worn)
 k - a +0 chain mail (worn)
 F - a cursed +2 pair of gloves (worn)
 G - a +0 cloak (worn)
Jewellery
 f - a cursed amulet of guardian spirit (around neck)
 o - a cursed +5 ring of strength (left hand)
 I - a cursed ring of attention (right hand)
 N - an uncursed ring of magical power
 O - an uncursed ring of protection from cold
Wands
 y - a wand of polymorph (14)
Scrolls
 e - 3 scrolls of teleportation
 g - a scroll of immolation
 i - 3 scrolls of remove curse
 j - 2 scrolls of vulnerability {unknown}
 p - a scroll of amnesia {unknown}
 s - 4 scrolls of fear
 t - a scroll of blinking {unknown}
 v - 3 scrolls of magic mapping
 B - a scroll of enchant armour {unknown}
 D - 3 scrolls of fog
 Q - a scroll of identify
Potions
 d - 7 potions of might
 l - 2 potions of ambrosia
 m - 4 potions of flight
 n - a potion of magic
 q - 5 potions of brilliance
 r - a potion of haste
 u - 8 potions of heal wounds
 z - 5 potions of curing
 A - 3 potions of agility
 H - 3 potions of resistance
Comestibles
 c - 22 rations


   Skills:
 + Level 8.8 Fighting
 * Level 10.1 Short Blades
 * Level 9.1 Armour
 * Level 9.1 Dodging
 + Level 5.1 Stealth
 + Level 3.0 Spellcasting
 + Level 2.9(5.9) Hexes
 - Level 2.0(4.6) Ice Magic
 - Level 3.4(6.5) Evocations


You had 11 spell levels left.
You knew the following spells:

 Your Spells              Type           Power        Failure   Level  Hunger
a - Corona                Hex            ##.....      19%         1    ##.....
b - Ensorcelled Hibernat  Hex/Ice        #.....       36%         2    ###....
c - Confuse               Hex            ##......     50%         3    ####...

Your spell library contained the following spells:

 Spells                   Type           Power        Failure   Level  Hunger
 Tukima's Dance           Hex            ##......     50%         3    ####...
 Sandblast                Erth           #.....       87%         1    ##.....
 Dazzling Spray           Conj/Hex       #.....       87%         3    ####...
 Passwall                 Tmut/Erth      #.......     95%         2    ###....
 Stone Arrow              Conj/Erth      #.....       99%         3    ####...
 Petrify                  Tmut/Erth      #.......     100%        4    #####..
 Lee's Rapid Deconstruct  Erth           #.........   100%        5    ######.


Dungeon Overview and Level Annotations

Branches:
Dungeon (11/15)            Temple (1/1) D:7            Lair (0/6) D:9
    Orc (2/2) D:9
    Elf: Orc:2

Altars:
Ashenzari
Cheibriados
Dithmenos
Gozag
Kikubaaqudgha
Makhleb
Nemelex Xobeh
Okawaru
Qazlal
Sif Muna
Uskayaw
Wu Jian
Xom
Zin
The Shining One

Shops:
D:4 =   D:6 !   Orc:2 [%

Annotations:
D:6 2 transporters, sdfsdf's ghost, novice DDFi
Orc:1 Gastronok
Orc:2 Sonja


Innate Abilities, Weirdness & Mutations

Your body is rotting away.
You thrive on raw meat.
You are immune to poison.
You have sharp fingernails.
You are carnivorous and can eat meat at any time.
Your flesh is cold resistant. (rC+)
You are immune to negative energy. (rN+++)
You do not regenerate when monsters are visible.
You are immune to unholy pain and torment.
You can survive without breathing.


Message History

The ogre mage hits you but does no damage.
The warg bites you but does no damage.
A two-headed ogre comes into view. It is wielding two +0 giant clubs.
Found 15 gold pieces.
The ogre mage points at you and mumbles some strange words.
The bolt of lightning hits you!!
* * * LOW HITPOINT WARNING * * *
You feel yourself speed up. The warg bites you.
* * * LOW HITPOINT WARNING * * *
The troll barely misses you. The troll closely misses you.
The troll completely misses you. The warg completely misses you.
The ogre mage misses you.
Found 14 gold pieces.
The ogre mage hits you but does no damage.
The ogre shouts!
The ogre mage casts a spell.
The ogre mage seems to speed up.
The ogre mage casts a spell at you. The bolt of lightning hits you!!
You die...

.......,# ,O...O{O....{{#{.#..
........ *, , ...OO.......##.{...
....O...# * ,, .OO......####.....
.........########OO########O.....
O.......OO..............
............OO..O....... , , ,,
,.......OOOO............. ,, ,
..$.....OO.O............
.......@.hT............. ,, ,
,.........O.............. , , ,,
........................ ,, ,,
........................ ,,
..................... , ,
...................., , ,
......$............ , , ,
.................. , * ,* ** *,
,*,*


You could see 8 two-headed ogres, 2 ogre magi, a troll, a warg and 8 ogres.

Vanquished Creatures
  Erolcha (D:10)
  A two-headed ogre (D:10)
  Nergalle (D:10)
  An unseen horror (D:10)
  An orc knight (Orc:1)
  A manticore (D:11)
  2 orc sorcerers
  2 hornets (D:8)
  A troll (D:9)
  3 hippogriffs
  8 yaks
  Edmund (D:5)
  A soldier ant (D:8)
  A warg (Orc:1)
  Menkaure (D:5)
  3 porcupines (D:9)
  4 water moccasins
  2 ice beasts (D:8)
  11 orc warriors
  2 sky beasts
  2 black bears
  2 phantoms
  5 centaurs
  9 ogres
  A crocodile (D:9)
  3 bullfrogs
  4 water moccasin zombies (Ossuary)
  4 scorpions
  4 killer bees (D:10)
  5 wights (D:9)
  2 howler monkeys (D:10)
  7 crimson imps
  A quasit (D:11)
  A bullfrog skeleton (D:8)
  A bullfrog zombie (D:6)
  6 hounds
  A jelly (D:6)
  Crazy Yiuf (D:2)
  7 orc priests
  18 orc wizards
  2 gnoll shamans
  A centaur skeleton (D:7)
  An iguana (D:7)
  11 worker ants
  3 big kobold zombies (Ossuary)
  A hound zombie (D:5)
  A hound skeleton (D:8)
  2 mummies (Ossuary)
  2 worker ant zombies
  19 adders
  11 gnolls
  2 howler monkey skeletons
  8 river rats (Sewer)
  A shadow imp (D:11)
  5 adder zombies (Ossuary)
  A worm (D:8)
  4 dart slugs
  3 leopard geckos
  47 orcs
  11 ball pythons
  5 giant cockroaches
  2 gnoll zombies (Ossuary)
  9 goblins
  8 hobgoblins
  6 jackals
  3 quokkas
  5 bats
  5 frilled lizards
  5 hobgoblin zombies (Ossuary)
  22 kobolds
  4 kobold zombies (Ossuary)
  6 orc zombies (Ossuary)
  A quokka skeleton (D:5)
  20 rats
369 creatures vanquished.

Vanquished Creatures (others)
  A plant (D:9)
1 creature vanquished.

Grand Total: 370 creatures vanquished

Notes
Turn   | Place    | Note
-------+----------+-------------------------------------------
     0 | D:1      | Borgoz the Ghoul Monk began the quest for the Orb.
     0 | D:1      | Reached XP level 1. HP: 19/19 MP: 0/0
   264 | D:1      | Reached XP level 2. HP: 20/26 MP: 1/1
   375 | D:1      | Reached skill level 3 in Short Blades
   748 | D:1      | Reached skill level 1 in Armour
   892 | D:2      | Reached XP level 3. HP: 25/31 MP: 2/2
  1043 | D:2      | Found a runed translucent door.
  1044 | D:2      | Noticed Crazy Yiuf
  1301 | D:2      | Found a burning altar of Makhleb.
  1301 | D:2      | Found a glowing silver altar of Zin.
  1302 | D:2      | Noticed an angel
  1302 | D:2      | Noticed an Executioner
  1401 | D:2      | Reached XP level 4. HP: 22/40 MP: 3/3
  1452 | D:2      | HP: 2/40 [gnoll/+0 halberd (4)]
  1649 | D:2      | Reached XP level 5. HP: 44/46 MP: 4/4
  2117 | D:3      | Found a sparkling altar of Nemelex Xobeh.
  2180 | D:3      | Found a hide-covered altar of Uskayaw.
  2204 | D:3      | Found a glowing drain.
  2277 | Sewer    | Entered a sewer
  2338 | Sewer    | Reached skill level 4 in Short Blades
  2464 | Sewer    | Reached XP level 6. HP: 46/52 MP: 5/5
  3611 | D:5      | Entered Level 5 of the Dungeon
  3752 | D:5      | Reached XP level 7. HP: 48/60 MP: 6/6
  4137 | D:4      | Found Ustitsan's Jewellery Shoppe.
  4147 | D:4      | Reached skill level 5 in Short Blades
  4354 | D:4      | Reached skill level 5 in Fighting
  4637 | D:5      | Reached XP level 8. HP: 68/68 MP: 7/7
  4677 | D:5      | Noticed Menkaure
  4678 | D:5      | Noticed Edmund
  4708 | D:5      | Killed Menkaure
  4723 | D:5      | Killed Edmund
  4771 | D:5      | Reached skill level 6 in Short Blades
  4771 | D:5      | Reached skill level 5 in Armour
  5525 | D:2      | Killed Crazy Yiuf
  5692 | D:6      | Found a transporter.
  5692 | D:6      | Noticed sdfsdf's ghost (novice DDFi)
  6113 | D:6      | Reached XP level 9. HP: 38/74 MP: 5/8
  6224 | D:6      | Found Ahomot's Distillery.
  6227 | D:6      | Bought a potion of might for 44 gold pieces
  6227 | D:6      | Bought a potion of heal wounds for 55 gold pieces
  6227 | D:6      | Bought a potion of heal wounds for 55 gold pieces
  6227 | D:6      | Bought a potion of heal wounds for 55 gold pieces
  6227 | D:6      | Bought a potion of might for 44 gold pieces
  6268 | D:6      | Found a snail-covered altar of Cheibriados.
  6371 | D:6      | Identified the +6 great mace "Jusec" {crush, Dex+4}
  6371 | D:6      | Noticed a two-headed ogre
  6376 | D:6      | Found a transporter.
  6487 | D:6      | Found an iron altar of Okawaru.
  6492 | D:6      | Found a glowing golden altar of the Shining One.
  6577 | D:7      | Reached skill level 5 in Dodging
  6698 | D:7      | Found a staircase to the Ecumenical Temple.
  6706 | Temple   | Entered the Ecumenical Temple
  6737 | Temple   | Became a worshipper of Ashenzari the Shackled
  6737 | Temple   | Reached * piety under Ashenzari
  6737 | Temple   | Reached ** piety under Ashenzari
  6811 | D:7      | Found a sand-covered staircase.
  6817 | Ossuary  | Entered an ossuary
  7225 | D:7      | Reached skill level 8 in Short Blades
  7225 | D:7      | Reached XP level 10. HP: 87/88 MP: 8/11
  7356 | D:7      | Learned a level 1 spell: Corona
  7359 | D:7      | Learned a level 2 spell: Ensorcelled Hibernation
  7363 | D:7      | Learned a level 3 spell: Confuse
  7872 | D:7      | Found an ancient bone altar of Kikubaaqudgha.
  7872 | D:7      | Found a sparkling altar of Nemelex Xobeh.
  7873 | D:7      | Found a stormy altar of Qazlal.
  8141 | D:8      | Reached skill level 9 in Short Blades
  8228 | D:8      | Reached skill level 1 in Ice Magic
  8520 | D:8      | Reached skill level 1 in Spellcasting
  8539 | D:8      | Reached skill level 1 in Hexes
  8631 | D:9      | Reached XP level 11. HP: 26/94 MP: 4/12
  9044 | D:9      | Got the long sword of Utath {drain, Stlth+}
  9133 | D:9      | Reached *** piety under Ashenzari
  9169 | D:9      | Found a staircase to the Orcish Mines.
  9409 | D:9      | Found a shattered altar of Ashenzari.
  9552 | D:9      | Found a staircase to the Lair.
  9885 | D:10     | Entered Level 10 of the Dungeon
 10010 | D:10     | Noticed Erolcha
 10030 | D:10     | Killed Erolcha
 10240 | D:10     | Noticed Nergalle
 10259 | D:10     | Noticed an unseen horror
 10278 | D:10     | Killed Nergalle
 10301 | D:10     | Killed an unseen horror
 10505 | D:10     | Noticed a two-headed ogre
 10530 | D:10     | Killed a two-headed ogre
 11109 | D:11     | Noticed a manticore
 11133 | D:11     | Killed a manticore
 11191 | D:11     | Reached XP level 12. HP: 80/101 MP: 10/14
 11535 | Orc:1    | Entered Level 1 of the Orcish Mines
 11822 | Orc:1    | Reached **** piety under Ashenzari
 11967 | Orc:2    | Entered Level 2 of the Orcish Mines
 11999 | Orc:1    | Reached skill level 10 in Short Blades
 12419 | Orc:2    | Noticed a soul eater
 12420 | Orc:2    | Paralysed by an orc sorcerer for 5 turns
 12624 | Orc:1    | Noticed Gastronok
 12838 | Orc:2    | Reached skill level 5 in Stealth
 13348 | Orc:2    | Noticed an orc high priest
 13352 | Orc:2    | Noticed a two-headed ogre
 13356 | Orc:2    | Paralysed by an orc sorcerer for 2 turns
 13358 | Orc:2    | Found Hoysal's Food Shop.
 13358 | Orc:2    | Found Irghuaq's Armour Emporium.
 13358 | Orc:2    | Noticed a two-headed ogre
 13358 | Orc:2    | Noticed a two-headed ogre
 13358 | Orc:2    | Noticed a two-headed ogre
 13358 | Orc:2    | Noticed a two-headed ogre
 13358 | Orc:2    | Noticed Sonja
 13359 | Orc:2    | Noticed a two-headed ogre
 13367 | Orc:2    | Noticed an ogre mage
 13369 | Orc:2    | Noticed a two-headed ogre
 13370 | Orc:2    | Noticed a two-headed ogre
 13371 | Orc:2    | Noticed a two-headed ogre
 13372 | Orc:2    | Noticed a two-headed ogre
 13372 | Orc:2    | Noticed an ogre mage
 13372 | Orc:2    | Noticed a two-headed ogre
 13372 | Orc:2    | Noticed a two-headed ogre
 13377 | Orc:2    | Killed from afar by an ogre mage

Skill      XL: |  1  2  3  4  5  6  7  8  9 10 11 12 |
---------------+-------------------------------------+-----
Short Blades   | 3 4 5 6 8 9 10 | 10.1
Armour         | 1 2 3 4 5 8 9 |  9.1
Dodging        | 3 4 7 8 9 |  9.1
Fighting       | 4 5 7 8 |  8.8
Evocations     | 3 |  3.4
Ice Magic      | 1 2 |  2.0
Spellcasting   | 1 2 3 |  3.0
Hexes          | 1 2 |  2.9
Stealth        | 4 5 |  5.1

Action                   |  1- 3 |  4- 6 |  7- 9 | 10-12 || total
-------------------------+-------+-------+-------+-------++-------
Melee: Short sword       |    68 |       |       |       ||    68
       Dagger            |    88 |   383 |   692 |  1361 ||  2524
 Fire: Blowgun           |       |     5 |       |       ||     5
Throw: Javelin           |       |       |       |     2 ||     2
Invok: Curse Item        |       |       |     3 |       ||     3
  Use: Potion            |       |     3 |     3 |     4 ||    10
       Scroll            |       |       |    15 |     4 ||    19
 Stab: Sleeping          |     2 |       |       |       ||     2
  Eat: Chunk             |     5 |    17 |    17 |   102 ||   141
Armor: Robe              |    12 |       |       |       ||    12
       Chain mail        |    50 |   102 |   244 |   482 ||   878
Dodge: Dodged            |    40 |   126 |   208 |   545 ||   919
